 Dungeon Crawl Stone Soup version 0.27-a0-1500-g450c7e4133 (webtiles) character file.

Game seed: 9619908885634403707

197 Spaninq the Chiller (level 5, 0/39 HPs)
             Began as a Merfolk Ice Elementalist on July 7, 2021.
             Was a Follower of Okawaru.
             Slain by a river rat (2 damage)
             ... summoned by Eustachio
             ... on level 4 of the Dungeon.
             The game lasted 00:18:11 (4323 turns).

Spaninq the Chiller (Merfolk Ice Elementalist)      Turns: 4323, Time: 00:18:11

Health: 0/39       AC: 10    Str: 14      XL:     5   Next: 75%
Magic:  0/8        EV: 15    Int: 16      God:    Okawaru [*.....]
Gold:   126        SH:  0    Dex: 12 (14) Spells: 6/10 levels left

rFire    + . .     SeeInvis .   l - +4 spear
rCold    + . .     Faith    .   (no shield)
rNeg     . . .     Spirit   .   a - +1 robe
rPois    +         Reflect  .   (no helmet)
rElec    +         Harm     .   (no cloak)
rCorr    +         Rampage  .   (no gloves)
Will     .....                  (no boots)
Stlth    +++.......             (no amulet)
HPRegen  0.13/turn              b - +6 ring of strength
MPRegen  0.11/turn              i - ring of wizardry

@: ice-armoured, resistant, heroic
A: (nimble swimmer 2), mertail, low mp 1, wild magic 1
a: Renounce Religion, Heroism


You were on level 4 of the Dungeon.
You worshipped Okawaru.
Okawaru was aware of your devotion.
You visited 1 branch of the dungeon, and saw 4 of its levels.

You collected 126 gold pieces.

Inventory:

Hand Weapons
 l - a +4 spear (weapon)
Missiles
 e - 48 stones
Armour
 a - a +1 robe (worn)
Jewellery
 b - a +6 ring of strength (left hand)
 c - a ring of fire
 i - a ring of wizardry (right hand)
 n - a ring of willpower
Scrolls
 m - 2 scrolls of identify
 o - a scroll of enchant armour
Potions
 d - a potion of flight {unknown}
 g - 2 potions of curing
 h - a potion of might {unknown}


   Skills:
 + Level 2.3(7.3) Fighting
 + Level 2.1(7.1) Polearms
 + Level 3.5(8.5) Dodging
 - Level 2.1(7.1) Stealth
 - Level 3.0 Spellcasting
 * Level 5.7 Ice Magic


You had 6 spell levels left.
You knew the following spells:

 Your Spells              Type           Power      Damage    Failure   Level
a - Freeze                Ice            100%       1d11      1%          1
b - Ozocubu's Armour      Ice            27%        N/A       3%          3

Your spell library contained the following spells:

 Spells                   Type           Power      Damage    Failure   Level
 Frozen Ramparts          Ice            54%        1d7       3%          3
 Hailstorm                Conj/Ice       15%        3d5       28%         4


Dungeon Overview and Level Annotations

Branches:
Dungeon (4/15)
 Temple: D:4-7

Altars:
Okawaru
Sif Muna

Shops:
D:1 ?

Annotations:
D:4 Eustachio


Innate Abilities, Weirdness & Mutations

((You are quick and stealthy near water. (Stealth+, EV+, Speed+++)))
Your lower body shifts to a powerful aquatic tail in water.
Your magical capacity is low. (-10% MP)
Your spells are a little harder to cast, but a little more powerful.


Message History

The river rat is heavily wounded.
Eustachio growls, "To hell with you, honourless miscreant!"
The river rat bites you. x2
* * * LOW HITPOINT WARNING * * *
Okay, then.
It was a potion of mutation.
You feel extremely strange.
You feel less energetic.
You feel less in control of your magic.
Eustachio zaps a wand.
The puff of flame hits you.
* * * LOW HITPOINT WARNING * * *
The river rat closely misses you. The river rat barely misses you.
The heat melts your icy armour.
Okay, then.
You gain the combat prowess of a mighty hero.
Eustachio gestures wildly while chanting.
The river rat bites you.
* * * LOW HITPOINT WARNING * * *
The river rat barely misses you.
You hit the quasit.
The quasit is lightly wounded.
The bat disappears in a puff of smoke!
The quasit bites you but does no damage.
The quasit misses you.
The quasit claws you but does no damage.
You miss the quasit.
The quasit is lightly wounded.
Eustachio asks, "How can you live without manners, virtues and honour?"
The quasit completely misses you.
The quasit claws you but does no damage.
The quasit closely misses you. The river rat closely misses you.
The river rat bites you but does no damage.
It was a potion of resistance.
You feel protected. The quasit bites you.
* * * LOW HITPOINT WARNING * * *
You feel clumsy.
The quasit claws you but does no damage.
The quasit closely misses you.
Eustachio gestures wildly while chanting.
Eustachio blinks!
The river rat closely misses you. The river rat bites you.
You die...

#....# ......####
.........#
#......####
##....###.####
#.....#.(..<.##
###...§.......#
#####r§.[#...#
#...@r..###.##
......##55##....#
..... #5bb##..##
.... ##§.@####
... ....# ..
...## . ....# #
....# #
#.###......


You could see Eustachio, a quasit (summoned), a crimson imp (summoned), 2 river
rats, a shadow imp (summoned) and 2 bats.

Vanquished Creatures
  An orc priest (D:3)
  An orc wizard (D:4)
  3 adders
  A shadow imp (D:3)
  An adder skeleton (D:3)
  A worm (D:3)
  4 dart slugs
  4 orcs (D:3)
  9 endoplasms
  3 giant cockroaches
  11 goblins
  7 hobgoblins
  7 quokkas
  6 ball pythons
  6 bats
  4 frilled lizards
  11 kobolds
  9 rats
89 creatures vanquished.

Vanquished Creatures (others)
  2 fungi (D:2)
  2 plants (D:2)
4 creatures vanquished.

Grand Total: 93 creatures vanquished

Notes
Turn   | Place    | Note
-------+----------+-------------------------------------------
     0 | D:1      | Spaninq the Merfolk Ice Elementalist began the quest for
                  | the Orb.
     0 | D:1      | Reached XP level 1. HP: 13/13 MP: 3/3
   290 | D:1      | Reached XP level 2. HP: 19/20 MP: 1/5
   358 | D:1      | Found Wiosch's Magic Scroll Shoppe.
   744 | D:1      | Reached skill level 1 in Fighting
   748 | D:1      | Reached XP level 3. HP: 24/26 MP: 2/6
  1211 | D:1      | Reached skill level 5 in Ice Magic
  1759 | D:2      | Reached XP level 4. HP: 27/32 MP: 4/8
  1834 | D:2      | Found a faded altar of an unknown god.
  1912 | D:2      | Became a worshipper of Warmaster Okawaru
  1912 | D:2      | Reached * piety under Okawaru
  2601 | D:2      | Learned a level 3 spell: Ozocubu's Armour
  3251 | D:3      | Reached skill level 1 in Polearms
  3268 | D:3      | Reached XP level 5. HP: 29/38 MP: 5/9
  3362 | D:3      | Found a shimmering blue altar of Sif Muna.
  4050 | D:4      | Noticed Eustachio
  4319 | D:4      | Gained mutation: Your magical capacity is low. (-10% MP)
                  | [potion of mutation]
  4319 | D:4      | Gained mutation: Your spells are a little harder to cast,
                  | but a little more powerful. [potion of mutation]
  4323 | D:4      | Slain by a river rat

Illustrated notes

Levels and vault maps discovered:
D:1:      lightli_arrival_maybe_door_vault, layout_rooms, serial_shops, shop,
          grunt_decor_one_mirror, chequers_serial_rivers_large_a,
          minmay_tiny_reverse_x
D:2:      minmay_door_path, layout_loops_corners,
          shapermc_ecumenical_altar_mp_urbaneastern
D:3:      layout_rooms, mainiacjoe_overflow_paths, minmay_surrounded
D:4:      layout_cave_pools, ashenzari_altar_1, uniq_eustachio

Skill      XL: |  1  2  3  4  5 |
---------------+----------------+-----
Fighting       | 1 2 |  2.3
Ice Magic      | 5 |  5.7
Spellcasting   | 3 |  3.0
Dodging        | 3 |  3.5
Polearms       | 1 2 |  2.1
Stealth        | |  2.1

Action                   |  1- 3 |  4- 6 || total
-------------------------+-------+-------++-------
Melee: Whip              |    10 |    15 ||    25
       Spear             |       |    78 ||    78
 Cast: Freeze            |    66 |    45 ||   111
       Ozocubu's Armour  |       |     9 ||     9
Invok: Heroism           |       |     1 ||     1
  Use: Scroll            |     5 |     1 ||     6
       Potion            |       |     3 ||     3
 Stab: Sleeping          |       |     8 ||     8
Armor: Robe              |    13 |    21 ||    34
Dodge: Dodged            |    37 |    71 ||   108

Table legend: (Time is in decaauts)
 A = Elapsed time spent in this place.
 B = Non-inter-level travel time spent in this place.
 C = Inter-level travel time spent in this place.
 D = Time resting spent in this place.
 E = Time spent auto-exploring this place.
 F = Levels seen in this place.
 G = Mean time per level.
                   A        B        C        D        E       F      G
               +--------+--------+--------+--------+--------+-----+--------+
         Total |   4312 |   4180 |    132 |    718 |   2613 |   4 | 1078.0 |
       Dungeon |   4312 |   4180 |    132 |    718 |   2613 |   4 | 1078.0 |
               +--------+--------+--------+--------+--------+-----+--------+

Top non-repeatable levels by time:
     D:2: 1500 daAuts
     D:1: 1436 daAuts
     D:3: 1304 daAuts
     D:4: 71 daAuts
